 Dungeon Crawl Stone Soup version 0.13-a0-1660-ga2b9f94 (webtiles) character file.

2356 M4edhros the Covert (level 9, -1/54 HPs)
             Began as an Octopode Artificer on June 18, 2013.
             Slain by a centaur (2 damage)
             ... on Level 7 of the Dungeon.
             The game lasted 00:24:51 (8119 turns).

M4edhros the Covert (Octopode Artificer)            Turns: 8119, Time: 00:24:51

HP  -1/54        AC  1     Str 10      XL: 9   Next: 20%
MP  13/13        EV 12     Int 18      God:
Gold 379         SH 12     Dex 12      Spells:  0 memorised,  8 levels left

Res.Fire  : . . .   See Invis. : .   o - +1,+2 whip (elec)
Res.Cold  : . . .   Warding    : .   l - +2 elf buckler
Life Prot.: . . .   Conserve   : .   (helmet restricted)
Res.Poison: .       Res.Corr.  : .   (no amulet)
Res.Elec. : .       Clarity    : .   (no ring)
Sust.Abil.: . .     Spirit.Shd : .   e - ring of flight
Res.Mut.  : .       Stasis     : .   (no ring)
Res.Rott. : .       Flight     : .   (no ring)
Saprovore : . . .                    (no ring)
                                     (no ring)
                                     (no ring)
                                     (no ring)

@: slightly resistant to hostile enchantments, extremely stealthy
A: almost no armour, amphibious, 8 rings, constrict 8, camouflage 1, AC +1
a: Evoke Flight


You were on level 7 of the Dungeon.
You were hungry.

You visited 1 branch of the dungeon, and saw 7 of its levels.

You collected 359 gold pieces.

Inventory:

Hand weapons
 o - a +1,+2 whip of electrocution (weapon)
Missiles
 v - 12 sling bullets
Armour
 l - a +2 elven buckler (worn)
Magical devices
 a - a wand of flame (15)
 b - a wand of flame (0)
 c - a wand of enslavement (0)
 d - a wand of random effects (4)
Comestibles
 f - 6 bread rations
 g - a rambutan
 j - 11 grapes
 k - a lychee
 n - a pear
 p - a chunk of hobgoblin flesh
 u - 4 meat rations
 F - 2 chokos
Scrolls
 h - 5 scrolls of identify
 i - 4 scrolls of remove curse
 m - a scroll of blinking
 r - 3 scrolls of recharging
 t - a scroll of noise {unknown}
 x - 2 scrolls of fog {unknown}
 G - a scroll of teleportation {unknown}
Jewellery
 e - a ring of flight (right tentacle)
 s - an uncursed ring of ice
Potions
 w - 2 potions of flight
 D - 2 potions of brilliance
 H - 2 potions of might
Books
 q - a book of Maledictions

   Spells                             Type                      Level
   Corona                             Hexes                        1
   Sure Blade                         Hexes/Charms                 2
   Ensorcelled Hibernation            Hexes/Ice                    2
   Confuse                            Hexes                        3
   Enslavement                        Hexes                        4
   Invisibility                       Hexes                        6
 y - a book of Wizardry

   Spells                             Type                      Level
   Summon Elemental                   Summoning                    4
   Agony                              Necromancy                   5
   Lightning Bolt                     Conjuration/Air              5
   Fireball                           Conjuration/Fire             5
   Haste                              Charms                       6
   Invisibility                       Hexes                        6


   Skills:
 - Level 1.0 Fighting
   Level 1.0 Short Blades
 * Level 7.9 Maces & Flails
 - Level 2.7 Dodging
 + Level 8.5 Stealth
 + Level 4.0 Shields
 - Level 2.1 Traps
 - Level 3.2 Evocations


You had 8 spell levels left.
You didn't know any spells.

Dungeon Overview and Level Annotations

Branches:
Dungeon (7/27)
 Temple: D:4-7          Orc: D:6-11

Altars:
Vehumet
Xom
the Shining One

Shops:
D:4: % D:5: +


Innate Abilities, Weirdness & Mutations

You cannot wear most types of armour.
You are amphibious.
You can wear up to eight rings at the same time.
You can use your tentacles to constrict many enemies at once.
Your skin changes colour to match your surroundings (Stlth).
Your rubbery body absorbs attacks (AC +1).


Message History

Okay, then.
Read which item? (? for menu, Esc to quit)
Okay, then.
Evoke which item? (* to show all) (? for menu, Esc to quit)
Okay, then.
You don't know any spells.
Drink which item? (? for menu, Esc to quit)
Okay, then.
Drink which item? (? for menu, Esc to quit)
Okay, then.
Evoke which item? (* to show all) (? for menu, Esc to quit)
Okay, then.
You barely miss the centaur.
The centaur is lightly wounded.
The centaur hits you.
* * * LOW HITPOINT WARNING * * *
You hit the centaur.
The centaur is moderately wounded.
The centaur hits you.
You die...

. . . #.#._.#.#
.........# ......#...#
..().......#
...........##
............##
..)...........##
..........@c...##
.........)......##
.........)))....#
..........(.....#
................#♣♣♣♣♣
...............#♣♣♣♣♣.
......>......(....#..
...................#
.....
......(............##


You could see a centaur.

Vanquished Creatures
  Prince Ribbit (D:6)
  A killer bee (D:7)
  The ghost of M4edhros the Sneak, an average OpAr (D:5)
  Edmund (D:6)
  An ogre (D:5)
  A hippogriff zombie (D:5)
  A centaur (D:5)
  2 giant frogs (D:6)
  Blork the orc (D:6)
  7 crimson imps
  An iguana (D:4)
  3 hounds (D:6)
  2 orc priests
  3 orc wizards
  A scorpion (D:4)
  A worker ant (D:5)
  A worker ant zombie (D:6)
  A jelly (D:6)
  6 adders
  4 gnolls (D:6)
  A giant mite (D:2)
  A worm (D:2)
  A giant eyeball (D:5)
  2 oozes
  23 orcs
  4 ball pythons
  11 bats
  4 goblins
  12 hobgoblins
  6 jackals
  18 kobolds
  A quokka (D:5)
  3 giant cockroaches
  5 giant geckos
  7 giant newts
  A hobgoblin zombie (D:6)
  6 rats
  A rat zombie (D:6)
  2 ballistomycetes (D:7)
149 creatures vanquished.

Vanquished Creatures (collateral kills)
  Menkaure (D:5)
  A troll skeleton (D:7)
  2 killer bees (D:7)
  3 orc priests
  A scorpion (D:5)
  3 orc wizards (D:7)
  A jelly (D:6)
  6 orcs
18 creatures vanquished.

Vanquished Creatures (others)
  A killer bee (D:7)
  An orc (D:7)
  A hobgoblin (D:5)
  A kobold (D:5)
  A giant spore (D:7)
  A rat (D:6)
6 creatures vanquished.

Grand Total: 173 creatures vanquished

Notes
Turn   | Place    | Note
--------------------------------------------------------------
     0 | D:1      | M4edhros, the Octopode Artificer, began the quest for the Orb.
     0 | D:1      | Reached XP level 1. HP: 14/14 MP: 1/1
   185 | D:1      | Reached XP level 2. HP: 10/19 MP: 3/3
  1287 | D:2      | Reached XP level 3. HP: 13/24 MP: 4/4
  1427 | D:2      | Reached skill level 1 in Maces & Flails
  1698 | D:2      | Reached XP level 4. HP: 20/29 MP: 6/6
  2693 | D:3      | Reached skill level 4 in Stealth
  2940 | D:3      | Found a shimmering altar of Xom.
  3377 | D:4      | Reached XP level 5. HP: 34/34 MP: 7/7
  3583 | D:4      | Found Gaopauqe's Food Boutique.
  3987 | D:5      | Entered Level 5 of the Dungeon
  3987 | D:5      | Noticed a centaur
  4015 | D:5      | Noticed an ogre
  4079 | D:5      | Reached skill level 5 in Stealth
  4085 | D:5      | Reached XP level 6. HP: 39/39 MP: 9/9
  4102 | D:5      | Noticed Menkaure
  4104 | D:5      | Killed Menkaure
  4106 | D:5      | an ogre (ally) was killed
  4178 | D:5      | Killed a centaur
  4246 | D:5      | Found Smemmas' Book Boutique.
  4257 | D:5      | Found a glowing golden altar of the Shining One.
  4443 | D:5      | Reached skill level 5 in Maces & Flails
  4443 | D:5      | Reached skill level 6 in Stealth
  4443 | D:5      | Reached XP level 7. HP: 19/44 MP: 10/10
  4632 | D:5      | Reached skill level 1 in Shields
  4692 | D:5      | Paralysed by a giant eyeball for 4 turns
  4727 | D:5      | Noticed M4edhros' ghost (average OpAr)
  4783 | D:5      | Killed M4edhros' ghost
  5061 | D:6      | Noticed Prince Ribbit
  5301 | D:6      | Reached skill level 7 in Stealth
  5301 | D:6      | Reached XP level 8. HP: 31/50 MP: 12/12
  5578 | D:6      | Noticed Blork the orc
  6711 | D:6      | Noticed Edmund
  6724 | D:6      | Killed Edmund
  7005 | D:6      | Paralysed by a potion of paralysis for 3 turns
  7034 | D:6      | Killed Prince Ribbit
  7433 | D:6      | Killed Blork the orc
  7671 | D:6      | Reached skill level 8 in Stealth
  7705 | D:7      | Found a glowing golden altar of the Shining One.
  7728 | D:7      | Reached XP level 9. HP: 20/54 MP: 13/13
  8099 | D:7      | Found a radiant altar of Vehumet.
  8118 | D:7      | HP: 1/54 [centaur (6)]
  8119 | D:7      | Slain by a centaur

Action                   |  1- 3 |  4- 6 |  7- 9 || total
-------------------------+-------+-------+-------++-------
Melee: Short sword       |    31 |       |       ||    31
       Whip              |    49 |   106 |   190 ||   345
Evoke: Wand              |     7 |    11 |    23 ||    41
  Use: Potion            |     6 |     6 |    10 ||    22
       Scroll            |       |     8 |     1 ||     9
 Stab: Sleeping          |     6 |    10 |     3 ||    19
       Distracted        |     1 |       |       ||     1
